 Dungeon Crawl Stone Soup version 0.27-a0-67-g4bfc8a49e1 (webtiles) character file.

Game seed: 11360130458389288682

59 Borgoz the Cudgeller (level 4, -3/29 HPs)
             Began as a Gargoyle Gladiator on Jan 9, 2021.
             Slain by a gnoll
             ... wielding a +0 whip
              (4 damage)
             ... on level 2 of the Dungeon.
             The game lasted 00:02:00 (826 turns).

Borgoz the Cudgeller (Gargoyle Gladiator)            Turns: 826, Time: 00:02:01

Health: -3/29      AC: 11    Str: 15    XL:     4   Next: 3%
Magic:  4/4        EV: 12    Int:  9    God:
Gold:   22         SH:  0    Dex: 14    Spells: 3/3 levels left

rFire    . . .     SeeInvis .   a - +0 flail
rCold    + . .     Faith    .   (no shield)
rNeg     + . .     Spirit   .   g - +2 ring mail {Will+}
rPois    ∞         Reflect  .   c - +0 helmet
rElec    +         Harm     .   (no cloak)
rCorr    .         Rampage  .   (no gloves)
Will     +....                  (no boots)
Stlth    +.........             (no amulet)
HPRegen  0.09/turn              (no ring)
MPRegen  0.09/turn              (no ring)

@: no status effects
A: agile 1, cold resistance 1, negative energy resistance 1, robust 1,
electricity resistance, weak 1, unbreathing, petrification resistance, miasma
immunity, AC +3
a: no special abilities


You were on level 2 of the Dungeon.
You visited 1 branch of the dungeon, and saw 2 of its levels.

You collected 22 gold pieces.

Inventory:

Hand Weapons
 a - a +0 flail (weapon)
Missiles
 d - 3 throwing nets (quivered)
Armour
 c - a +0 helmet (worn)
 g - a +2 ring mail of willpower (worn)
Jewellery
 b - an uncursed amulet of the acrobat {unknown}
 j - a cursed -4 ring of protection {unknown}
Scrolls
 e - a scroll of identify {unknown}
 f - a scroll of immolation {unknown}
 i - 2 scrolls of remove curse {unknown}


   Skills:
 + Level 2.8 Fighting
 * Level 3.8 Maces & Flails
 - Level 1.7 Throwing
 + Level 1.4 Armour
 + Level 2.7 Dodging


You had 3 spell levels left.
You didn't know any spells.
Your spell library was empty.

Dungeon Overview and Level Annotations

Branches:
Dungeon (2/15)

Altars:


Innate Abilities, Weirdness & Mutations

You are resistant to torment.
Your stone body is resilient. (AC +3)
You are immune to poison.
You resist negative energy. (rN+)
You are resistant to electric shocks. (rElec)
You can survive without breathing.
You are immune to petrification.
You are immune to miasma.
You are agile. (Dex +2)
Your flesh is cold resistant. (rC+)
You are robust. (+10% HP)
You are weak. (Str -2)


Message History

You have reached level 4!
You feel clever.
You closely miss the hobgoblin. The hobgoblin completely misses you.
You barely miss the hobgoblin. The hobgoblin barely misses you.
You hit the hobgoblin.
You kill the hobgoblin!
The gnoll hits you but does no damage.
You closely miss the gnoll. The gnoll closely misses you.
You hit the gnoll.
The gnoll is heavily wounded.
The gnoll barely misses you.
You hit the gnoll.
The gnoll is almost dead.
The gnoll closely misses you.
You barely miss the gnoll.
The gnoll is almost dead.
The gnoll hits you with a +0 whip.
* * * LOW HITPOINT WARNING * * *
The gnoll hits you with a +0 whip.
You die...

#.# #.# #.#
#.# #.# #.#
#g# #@# #.#
#.# ####>###
#......#
#.##.#.# #
#.#.# #.
#.#.###
###.##.....##


You could see a gnoll.

Vanquished Creatures
  2 gnolls (D:2)
  An adder (D:2)
  4 dart slugs (D:1)
  5 bats (D:1)
  A giant cockroach (D:1)
  2 hobgoblins
  2 frilled lizards
  A goblin (D:1)
  5 kobolds (D:1)
  4 rats (D:1)
27 creatures vanquished.

Notes
Turn   | Place    | Note
-------+----------+-------------------------------------------
     0 | D:1      | Borgoz the Gargoyle Gladiator began the quest for the Orb.
     0 | D:1      | Reached XP level 1. HP: 12/12 MP: 1/1
   175 | D:1      | Reached XP level 2. HP: 12/18 MP: 2/2
   601 | D:1      | Reached skill level 1 in Armour
   614 | D:1      | Reached XP level 3. HP: 21/22 MP: 3/3
   809 | D:2      | Gained mutation: You are robust. (+10% HP) [potion of
                  | mutation]
   809 | D:2      | Gained mutation: You are weak. (Str -2) [potion of
                  | mutation]
   809 | D:2      | Gained mutation: Your flesh is cold resistant. (rC+)
                  | [potion of mutation]
   809 | D:2      | Gained mutation: You are agile. (Dex +2) [potion of
                  | mutation]
   820 | D:2      | Reached XP level 4. HP: 7/29 MP: 4/4
   826 | D:2      | HP: 1/29 [gnoll/+0 whip (6)]
   826 | D:2      | Slain by a gnoll

Illustrated notes

Levels and vault maps discovered:
D:1:      nzn_arrival_crosshair, layout_rooms, minmay_3d_cube
D:2:      layout_basic

Skill      XL: |  1  2 |
---------------+-------+-----
Armour         | 1 |  1.4
Fighting       | |  2.8
Maces & Flails | |  3.8
Throwing       | |  1.7
Dodging        | |  2.7

Action                   |  1- 3 |  4- 6 || total
-------------------------+-------+-------++-------
Melee: Flail             |    74 |     7 ||    81
  Use: Potion            |     1 |       ||     1
Armor: Ring mail         |    39 |     1 ||    40
       Leather armour    |     3 |       ||     3
Dodge: Dodged            |    60 |     5 ||    65

Table legend: (Time is in decaauts)
 A = Elapsed time spent in this place.
 B = Non-inter-level travel time spent in this place.
 C = Inter-level travel time spent in this place.
 D = Time resting spent in this place.
 E = Time spent auto-exploring this place.
 F = Levels seen in this place.
 G = Mean time per level.
                   A        B        C        D        E       F      G
               +--------+--------+--------+--------+--------+-----+--------+
         Total |    844 |    807 |     37 |    196 |    415 |   2 |  422.0 |
       Dungeon |    844 |    807 |     37 |    196 |    415 |   2 |  422.0 |
               +--------+--------+--------+--------+--------+-----+--------+

Top non-repeatable levels by time:
     D:1: 765 daAuts
     D:2: 79 daAuts
